Map: Overgrown Facility

Players

Pure - Winner!

  • Race: Protoss Protoss
  • League: Diamond
  • Spawn Location: 7:00

xSLuarSx - Winner!

  • Race: Zerg Zerg
  • Spawn Location: 9:00

Preyed

  • Race: Protoss Protoss
  • League: Diamond
  • Spawn Location: 3:00

BALENCIAGA

  • Race: Terran Terran
  • League: Platinum
  • Spawn Location: 1:00

VOD

Have the link to the VOD?

Description

Ally left, otherwise straight forward Higher plat/low diamond (~3.6k) 2v2. Toss/zerg versus Toss/terran. goes into air battles

lots of engagements that end poorly for one player or another,

Time

  • Played on: Jan. 13, 2019, 8:06 p.m.
  • Length: 27:37
Show
View Real Time Build Order
Export as new Build Order

Pure Protoss - Winner!

Build Orders: Carriers 

Get SALT Encoding   

  12  0:01  Probe  
  13  0:13  Probe  
  14  0:18  Pylon  
  14  0:26  Probe  
  15  0:37  Probe  
  15  0:39  Gateway  
  15  0:40  Gateway  
  16  0:45  Probe  
  17  0:50  Assimilator  
  17  0:55  Forge  
  17  0:56  Probe  
  17  0:58  Pylon  
  18  1:04  Probe  
  19  1:13  Probe  
  20  1:26  Probe  
  20  1:32  Cybernetics Core  
  21  1:34  Protoss Ground Weapons Level 1  
  21  1:36  Pylon  
  21  1:39  Probe  
  22  1:43  Photon Cannon  
  22  1:51  Probe  
  23  2:00  Photon Cannon  
  23  2:03  Probe  
  24  2:24  Warp Gate, Stalker  
  24  2:27  Stalker  
  28  2:52  Robotics Facility  
  28  2:55  Stargate  
  28  2:56  Pylon  
  28  2:58  Stalker  
  30  2:59  Stalker  
  32  3:24  Protoss Ground Armor Level 1  
  32  3:46  Warp Prism  
  32  3:47  Void Ray  
  38  3:53  Fleet Beacon  
  38  4:07  Stargate  
  38  4:12  Protoss Air Weapons Level 1  
  38  4:13  Assimilator  
  38  4:16  Probe  
  37  4:24  Probe  
  37  4:25  Nexus  
  38  4:31  Assimilator  
  38  4:34  Probe, Assimilator  
  38  4:37  Pylon  
  39  4:39  Pylon  
  39  4:41  Stalker x2  
  43  5:08  Stalker x2  
  47  5:17  Twilight Council  
  47  5:19  Void Ray  
  51  5:33  Probe  
  51  5:36  Probe  
  51  5:41  Probe  
  51  5:42  Zealot x2  
  55  5:46  Carrier  
  55  5:48  Probe  
  65  6:04  Stalker x2  
  65  6:08  Carrier  
  62  6:33  Zealot x2  
  52  6:42  Carrier  
  56  6:56  Probe x2  
  58  7:07  Zealot x2  
  58  7:08  Probe x2  
  59  7:10  Charge  
  59  7:20  Probe x2  
  61  7:32  Probe  
  61  7:36  Pylon  
  62  7:38  Pylon  
  62  7:43  Photon Cannon  
  62  7:44  Photon Cannon  
  62  7:55  Stalker x2  
  66  8:16  Gateway x2  
  66  8:17  Gateway x3  
  60  8:33  Protoss Ground Weapons Level 2  
  56  8:38  Carrier x2  
  60  8:58  Probe x2  
  60  9:10  Probe  
  60  9:13  Stalker  
  60  9:14  Stalker x4  
  56  9:26  Probe  
  51  9:38  Probe  
  52  9:45  Stalker  
  52  9:46  Stalker x2  
  52  9:49  Nexus  
  52  9:51  Pylon, Probe  
  55  9:54  Stalker  
  55  9:55  Stalker  
  47  10:29  Probe  
  47  10:32  Pylon  
  47  10:33  Pylon  
  48  10:37  Probe  
  48  10:40  Carrier  
  56  10:50  Probe  
  56  11:02  Probe  
  57  11:13  Carrier  
  57  11:18  Stargate x2  
  61  11:55  Probe x3  
  61  11:57  Carrier  
  70  12:02  Carrier x2  
  70  12:04  Zealot x5  
  92  12:16  Protoss Ground Weapons Level 3  
  92  12:17  Protoss Air Weapons Level 2  
  74  12:55  Stalker x7  
  68  13:09  Carrier x4  
  83  13:25  Probe x2  
  85  13:37  Probe x2  
  55  14:25  Carrier x4  
  55  14:27  Zealot x7  
  93  14:42  Probe  
  93  14:50  Probe  
  93  14:52  Photon Cannon, Nexus  
  94  14:56  Photon Cannon  
  94  14:59  Assimilator  
  95  15:00  Assimilator, Probe  
  96  15:29  Carrier  
  102  15:44  Photon Cannon x2  
  102  15:47  Carrier x2  
  102  15:49  Zealot x2  
  118  15:52  Protoss Ground Armor Level 2  
  118  15:58  Pylon x2  
  118  16:00  Pylon  
  94  16:38  Tempest  
  94  16:39  Tempest  
  104  16:51  Tempest  
  109  17:05  Carrier  
  103  17:38  Carrier  
  109  17:50  Carrier  
  103  18:04  Carrier  
  58  18:44  Zealot x6  
  58  18:47  Sentry, Probe  
  72  18:55  Probe  
  74  19:04  Probe  
  69  19:13  Nexus  
  69  19:14  Carrier  
  69  19:15  Carrier  
  69  19:16  Probe  
  82  19:18  Pylon  
  82  19:23  Pylon  
  82  19:28  Pylon  
  82  19:31  Assimilator  
  82  19:35  Assimilator  
  82  19:39  Carrier  
  88  19:58  Carrier  
  94  20:19  Carrier  
  100  20:40  Probe x2  
  100  20:42  Probe  
  102  20:46  Probe  
  102  20:48  Probe x2  
  104  20:50  Probe  
  104  20:53  Carrier x2  
  104  20:55  Stalker x7  
  104  20:56  Probe x2  
  133  20:58  Probe  
  133  21:02  Carrier  
  142  21:23  Carrier  
  148  21:57  Carrier x2  
  160  22:07  Carrier  
  154  22:20  Zealot x4  
  154  22:21  Zealot x3  
  168  22:27  Carrier  
  144  23:10  Zealot x7  
  120  23:44  Carrier x2  
  74  24:45  Carrier x2  
  78  24:48  Carrier x2  
  84  25:41  Zealot x2  
  84  25:42  Zealot x5  
  98  25:49  Carrier x2  
  110  25:53  Carrier  
  116  26:06  Zealot x4  
  116  26:07  Zealot x3  
Show
View Real Time Build Order
Export as new Build Order

xSLuarSx Zerg - Winner!

Build Orders: Pool First 

Get SALT Encoding   

  12  0:03  Drone  
  13  0:13  Drone  
  14  0:24  Overlord  
  14  0:43  Extractor, Drone x3  
  14  0:44  Extractor  
  15  1:01  Drone  
  16  1:25  Drone x2  
  18  1:26  Spawning Pool  
  17  1:49  Drone x2  
  17  1:50  Drone  
  20  2:14  Metabolic Boost  
  20  2:17  Drone x2  
  20  2:20  Hatchery  
  21  2:29  Zergling x2  
  22  2:37  Overlord  
  22  2:55  Queen  
  24  3:02  Zergling x2  
  24  3:03  Zergling x2  
  26  3:34  Zergling x6  
  26  4:31  Drone  
  26  4:32  Drone x2  
  26  4:34  Drone x5  
  26  4:38  Lair  
  34  5:00  Drone x2  
  34  5:02  Overlord x2  
  34  5:04  Extractor  
  34  5:05  Drone  
  34  5:06  Extractor  
  35  5:07  Hatchery  
  34  5:35  Roach Warren  
  33  5:58  Zergling x12  
  39  6:42  Zergling x2  
  39  6:43  Zergling x16  
  39  6:45  Queen  
  48  7:25  Overseer  
  43  7:48  Drone x2  
  43  7:49  Drone  
  33  8:18  Drone x3  
  35  8:53  Zergling x2  
  35  8:54  Zergling x22  
  47  10:01  Drone x4  
  47  10:02  Drone  
  52  10:22  Drone x4  
  52  10:23  Drone x2  
  52  10:26  Overlord x3  
  57  10:58  Roach  
  57  10:59  Roach x9  
  62  11:40  Zergling x2  
  62  11:41  Zergling x26  
  76  12:09  Lair  
  76  12:15  Zergling x2  
  77  12:16  Zergling x8  
  77  12:17  Hatchery  
  60  13:19  Drone x5  
  68  13:20  Drone x6  
  71  13:34  Drone x7  
  74  13:35  Drone  
  79  13:53  Hydralisk Den  
  78  13:57  Nydus Network  
  77  14:31  Overlord  
  77  14:32  Overlord x2  
  77  14:34  Grooved Spines  
  74  15:11  Hydralisk x6  
  84  15:31  Zergling x2  
  84  15:32  Zergling x40  
  95  15:45  Muscular Augments  
  95  16:04  Hydralisk  
  95  16:05  Hydralisk x4  
  82  17:14  Hydralisk x6  
  82  17:15  Hydralisk x2  
  94  17:18  Zergling x22  
  103  17:47  Zergling x2  
  103  17:48  Zergling x18  
  107  17:52  Zergling x2  
  107  17:53  Zergling x2  
  99  18:34  Extractor  
  99  18:35  Extractor  
  99  18:36  Extractor  
  76  19:01  Hydralisk x12  
  77  19:30  Drone  
  77  19:31  Drone  
  79  19:33  Drone x2  
  79  19:37  Hydralisk x8  
  79  20:12  Drone  
  79  20:13  Drone x2  
  82  20:24  Drone x5  
  82  20:25  Drone x2  
  82  20:28  Hatchery  
  88  20:34  Hatchery  
  87  20:38  Drone x3  
  90  21:06  Spire  
  90  21:09  Drone  
  90  21:13  Overlord  
  90  21:14  Overlord x6  
  50  21:43  Drone  
  50  21:44  Drone x10  
  57  21:51  Drone  
  57  21:52  Drone  
  57  21:53  Drone x3  
  62  22:06  Hydralisk  
  62  22:07  Hydralisk x4  
  73  22:30  Drone x3  
  73  22:33  Drone x3  
  73  22:34  Drone x3  
  81  22:51  Hydralisk x11  
  103  23:30  Hydralisk  
  103  23:31  Hydralisk x12  
  129  24:02  Extractor x2  
  105  25:18  Hydralisk  
  105  25:19  Hydralisk  
  105  25:20  Hydralisk  
  97  25:31  Zergling x16  
  97  25:32  Zergling x16  
  95  25:54  Corruptor x4  
  99  25:58  Hatchery  
  98  26:24  Corruptor x4  
  102  26:53  Corruptor  
  102  26:54  Corruptor x3  
  106  27:23  Drone x2  
Show
View Real Time Build Order
Export as new Build Order

Preyed Protoss 

Build Orders: 1 Gate Expand 

Get SALT Encoding   

  1  0:00  Probe  
  12  0:06  Probe  
  14  0:21  Pylon  
  14  0:22  Probe  
  15  0:39  Probe  
  16  0:43  Gateway  
  16  0:51  Probe  
  16  0:53  Assimilator  
  17  0:59  Probe  
  18  1:07  Probe  
  19  1:17  Probe  
  20  1:30  Nexus  
  20  1:34  Probe  
  21  1:45  Assimilator  
  21  1:47  Probe  
  21  1:53  Assimilator  
  22  1:57  Pylon  
  22  2:00  Probe  
  24  2:15  Probe  
  24  2:23  Cybernetics Core  
  24  2:24  Gateway  
  24  2:27  Probe  
  25  2:42  Probe x2  
  27  2:53  Stalker  
  27  3:00  Probe x2  
  31  3:07  Warp Gate  
  31  3:08  Robotics Facility  
  31  3:16  Twilight Council  
  31  3:18  Probe  
  32  3:21  Probe  
  32  3:22  Sentry  
  35  3:29  Stalker  
  35  3:30  Probe  
  35  3:33  Probe  
  39  3:42  Charge, Probe  
  39  3:48  Probe  
  41  3:50  Stalker  
  41  3:54  Probe  
  44  4:00  Probe  
  45  4:06  Probe  
  46  4:28  Pylon  
  46  4:30  Pylon  
  46  4:41  Gateway  
  46  4:44  Gateway  
  46  4:46  Immortal, Stalker x2  
  46  4:48  Gateway  
  54  4:55  Probe x2  
  54  4:59  Pylon  
  56  5:06  Pylon  
  56  5:07  Probe x2  
  58  5:19  Probe x2  
  60  5:26  Forge  
  60  5:30  Zealot x2  
  60  5:32  Forge  
  60  5:35  Zealot  
  66  5:38  Zealot  
  66  5:42  Zealot  
  70  5:44  Immortal  
  70  5:45  Probe x2  
  75  5:57  Probe x2  
  75  5:58  Protoss Ground Weapons Level 1  
  75  6:05  Stalker  
  75  6:06  Stalker  
  75  6:13  Pylon  
  75  6:16  Pylon  
  73  6:18  Assimilator  
  73  6:24  Assimilator  
  71  6:31  Probe x2  
  69  6:43  Zealot x5  
  79  6:48  Nexus  
  79  6:53  Blink  
  77  6:54  Immortal  
  79  7:13  Stargate  
  79  7:14  Stargate  
  71  7:24  Stalker x4  
  71  7:28  Protoss Shields Level 1  
  78  7:38  Probe x2  
  80  8:00  Probe x2  
  80  8:01  Pylon  
  80  8:02  Pylon  
  80  8:04  Pylon  
  82  8:12  Probe x2  
  78  8:19  Phoenix x2  
  81  8:24  Probe, Stalker x2  
  81  8:25  Stalker  
  66  8:39  Protoss Air Weapons Level 1  
  66  8:40  Stalker x2  
  59  8:51  Stalker x2  
  59  8:52  Stalker  
  53  8:57  Phoenix  
  53  9:02  Probe x2  
  49  9:08  Phoenix  
  49  9:12  Protoss Ground Weapons Level 2  
  45  9:19  Stalker  
  38  10:10  Pylon  
  37  10:14  Pylon  
  37  10:17  Pylon  
  37  10:23  Phoenix x2  
  41  10:30  Zealot  
  41  10:31  Zealot x3  
  49  10:35  Probe  
  49  10:36  Probe  
  51  10:52  Probe x2  
  51  10:55  Phoenix x2  
  51  10:56  Nexus  
  57  10:59  Protoss Air Armor Level 1  
  57  11:03  Pylon  
  57  11:08  Probe x2  
  59  11:22  Probe x2  
  61  11:27  Phoenix x2  
  65  11:34  Zealot x5  
  67  11:56  Nexus  
  67  11:59  Phoenix x2  
  71  12:10  Probe  
  71  12:11  Probe  
  73  12:21  Zealot x2  
  73  12:22  Zealot x3  
  71  12:50  Phoenix x2  
  69  12:54  Probe x2  
  65  13:06  Probe  
  65  13:07  Protoss Ground Weapons Level 3  
  66  13:16  Fleet Beacon  
  66  13:26  Probe x2  
  68  13:32  Assimilator  
  68  13:35  Assimilator  
  68  13:43  Stalker x3  
  68  13:48  Phoenix  
  70  14:07  Probe x2  
  70  14:08  Probe  
  65  14:23  Zealot x2  
  65  14:24  Zealot x3  
  75  14:26  Tempest x2  
  85  14:44  Nexus  
  85  14:49  Zealot x4  
  89  15:00  Zealot  
  87  15:10  Zealot x4  
  95  15:18  Tempest  
  95  15:22  Tempest  
  95  15:25  Probe x3  
  108  15:34  Pylon  
  107  15:38  Protoss Shields Level 2  
  107  15:44  Observer  
  107  15:46  Protoss Ground Armor Level 1  
  107  15:49  Templar Archives  
  107  15:54  Tempest  
  108  15:58  Probe x3  
  116  16:10  Probe  
  117  16:15  Assimilator  
  104  16:31  Tempest  
  105  16:37  Tempest  
  104  16:45  Nexus, Probe x3  
  108  16:54  Observer  
  108  16:56  Psionic Storm  
  108  16:57  Probe  
  101  17:14  Tempest  
  82  17:33  Zealot x4  
  82  17:34  Zealot  
  69  17:52  Tempest  
  69  17:57  Tempest  
  49  18:26  Probe x2  
  49  18:37  Zealot  
  49  18:38  Probe  
  49  18:39  Pylon  
  47  18:50  Nexus  
  45  19:01  Pylon  
  44  19:07  Probe  
  43  19:20  Probe  
  44  19:48  Probe  
  44  19:49  Probe  
  46  19:53  Probe  
  47  20:00  Probe  
  47  20:01  Probe  
  47  20:06  Observer  
  49  20:09  Probe x3  
  49  20:12  Observer, Probe  
  53  20:17  Probe  
  53  20:18  Probe  
  55  20:21  Probe  
  57  20:31  Probe  
  57  20:33  Probe x3  
  61  20:43  Probe  
  61  20:45  Probe x2  
  61  20:46  Probe  
  65  20:55  Probe  
  65  20:56  Assimilator  
  67  20:57  Probe x2  
  67  20:58  Probe  
  67  21:00  Assimilator  
  69  21:07  Probe  
  69  21:09  Probe  
  69  21:11  Tempest  
  76  21:12  Tempest  
  81  21:22  Protoss Shields Level 3  
  81  21:26  High Templar  
  81  21:27  High Templar x3  
  81  21:28  High Templar  
  91  21:36  Observer, Probe x2  
  94  21:55  Tempest x2  
  97  22:37  Tempest  
  100  22:52  Stalker x3  
  100  22:53  Stalker x2  
  100  22:54  Tempest  
  111  23:20  Tempest  
  110  23:39  Stalker x2  
  110  23:40  Stalker x3  
  104  24:01  Tempest  
  103  24:03  Tempest  
  106  24:10  Zealot  
Show
View Real Time Build Order
Export as new Build Order

BALENCIAGA Terran 

Build Orders:  

Get SALT Encoding   

  12  0:03  SCV  
  13  0:15  SCV  
  14  0:27  SCV  
  15  0:37  Supply Depot  
  15  0:46  Refinery  
  15  1:00  Refinery  
  15  1:01  Barracks  
  15  1:10  SCV  
  16  1:27  SCV  
  17  1:39  SCV  
  18  1:50  Supply Depot  
  18  1:54  Barracks Tech Lab  
  18  1:55  Orbital Command  
  18  1:57  Factory  
  18  2:21  SCV  
  19  2:35  SCV  
  20  2:49  SCV  
  21  2:55  Command Center  
  21  2:58  Siege Tank  
  24  3:04  Marine  
  25  3:16  SCV  
  26  3:27  Supply Depot  
  26  3:30  Siege Tank  
  26  3:31  SCV  
  30  3:47  SCV  
  31  3:49  Starport  
  31  3:56  Engineering Bay  
  31  4:01  Supply Depot  
  31  4:02  Siege Tank  
  34  4:29  Starport Tech Lab  
  34  4:32  Orbital Command  
  34  4:33  SCV  
  34  4:34  Siege Tank  
  38  4:40  Refinery  
  38  4:43  Missile Turret  
  38  4:57  Banshee  
  38  4:58  Cloaking Field  
  41  5:06  SCV  
  43  5:07  SCV  
  43  5:09  Missile Turret  
  43  5:25  SCV  
  43  5:26  SCV  
  43  5:28  Starport  
  45  5:35  Fusion Core  
  45  5:38  Siege Tank  
  48  6:14  Siege Tank  
  39  6:36  Starport Tech Lab  
  39  6:37  Battlecruiser  
  45  6:48  SCV x2  
  45  6:51  Refinery  
  45  6:53  Siege Tank  
  50  6:56  Command Center  
  50  7:47  Starport Reactor  
  50  7:51  Starport Reactor  
  47  7:58  Siege Tank  
  50  8:07  Starport  
  50  8:18  Supply Depot, Orbital Command  
  50  8:26  Viking x2  
  54  8:30  Viking x2  
  58  8:45  Starport Reactor  
  52  9:19  Viking x4  
  50  9:36  Viking  
  50  9:37  Viking  
  51  9:40  Supply Depot  
  51  9:49  Viking x2  
  51  9:52  Viking x2  
  59  10:03  Supply Depot  
  51  10:19  SCV x2  
  53  10:30  Siege Tank  
  53  10:31  SCV  
  57  10:41  Starport  
  57  10:46  Orbital Command  
  57  10:52  Viking x5  
  67  10:59  SCV x2  
  72  11:11  Siege Tank  
  72  11:13  SCV x2  
  72  11:14  SCV  
  75  11:25  Supply Depot  
  75  11:27  SCV x3  
  74  11:35  Supply Depot  
  74  11:39  SCV  
  75  11:43  Siege Tank  
  75  11:44  Viking  
  75  11:45  Viking x2  
  84  12:09  SCV x3  
  84  12:10  Supply Depot  
  84  12:13  Viking  
  84  12:14  Viking x2  
  75  12:56  Viking x6  
  83  13:01  SCV x3  
  86  13:13  SCV  
  87  13:26  Viking  
  71  13:43  Viking  
  71  13:44  Viking x4  
  79  13:52  Command Center  
  79  14:04  Viking  
  82  14:13  Viking  
  68  14:24  Siege Tank  
  68  14:28  Battlecruiser  
  75  14:32  Orbital Command  
  75  14:51  Viking x4  
  75  14:52  Viking x2  
  87  15:04  Planetary Fortress  
  87  15:19  SCV x3  
  90  15:21  Command Center  
  90  15:26  Missile Turret  
  90  15:42  Viking  
  90  15:43  Viking x2  
  90  15:45  SCV x3  
  90  15:46  SCV  
  90  15:47  Missile Turret  
  90  15:49  Refinery  
  100  15:50  Refinery  
  100  16:04  Siege Tank  
  103  16:13  SCV x4  
  107  16:19  Refinery  
  107  16:28  Viking  
  107  16:29  Viking x2  
  113  17:00  Battlecruiser  
  90  17:35  Viking  
  90  17:36  Viking x5  
  90  18:04  Viking  
  92  18:05  Viking x2  
  92  18:06  Viking  
  98  18:20  Viking  
  98  18:21  Viking x2  
  96  18:34  Viking  
  96  18:39  SCV  
  96  18:40  SCV, Planetary Fortress  
  100  18:42  Missile Turret  
  100  18:44  SCV x2  
  102  18:52  SCV  
  102  18:55  Viking x3  
  105  19:04  Missile Turret  
  105  19:09  Viking  
  107  19:10  Viking x2  
  101  19:28  Viking x3  
  107  19:31  SCV  
  107  19:32  SCV x4  
  107  19:36  Refinery  
  112  19:43  SCV  
  113  19:47  Viking x4  
  121  20:11  Viking x3  
  127  20:18  SCV x4  
  131  20:24  SCV  
  132  20:30  SCV x3  
  135  20:59  Viking x7  
  127  21:29  Viking  
  113  21:37  Viking  
  113  21:38  Viking x5  
  121  21:59  Viking  
  123  22:07  Viking  
Tags
 
Add a new tag
Caveats
  • Supply blocks, unpowered buildings, or Contaminate may cause inaccurate times.
  • Supply counts are checked every 10 seconds.